 Dungeon Crawl Stone Soup version 0.31-a0-1204-ge2c1a860ed (webtiles) character file.

Game seed: 16077584219809725916

1211 avis the Fighter (level 8, 0/79 HPs)
             Began as a Hill Orc Monk on Dec 13, 2023.
             Was a Priest of Beogh.
             Slain by a hornet (9 damage)
             ... on level 6 of the Dungeon.
             The game lasted 00:32:17 (5702 turns).

avis the Fighter (Hill Orc Monk)                    Turns: 5702, Time: 00:32:18

Health: 0/79       AC:  9    Str: 16    XL:     8   Next: 46%
Magic:  13/13      EV:  7    Int: 13    God:    Beogh [***...]
Gold:   279        SH:  0    Dex: 13    Spells: 7/7 levels left

rFire   + + +        a - +2 hand axe (heavy)
rCold   . . .        (no shield)
rNeg    . . .        k - +0 chain mail
rPois   .            z - +0 helmet
rElec   +            (no cloak)
rCorr   +            (no gloves)
SInv    .            (no boots)
Will    .....        w - amulet of faith Stlth
                     l - ring of resist corrosion
HPRegen 0.33/turn    e - ring "Kisuqu" {Fly rElec rF+++ Int+3}
MPRegen 0.13/turn

%: faith
@: flying
A: no striking features
a: Renounce Religion, Smiting


You were on level 6 of the Dungeon.
You worshipped Beogh.
Beogh was most pleased with you.
You visited 2 branches of the dungeon, and saw 7 of its levels.

You collected 279 gold pieces.

Inventory:

Hand Weapons
 a - a +2 heavy hand axe (weapon)
 b - a +0 arbalest
 f - a +0 hand axe
 i - a +2 heavy mace
 n - a +0 sling
 q - a +2 dagger of venom
 F - a +0 trident
 G - a +0 war axe
Missiles
 h - 26 stones (quivered)
 o - 6 boomerangs
 E - 2 poisoned darts
Armour
 d - an orb of light
 k - a +0 chain mail (worn)
 u - a +0 plate armour
 x - a +0 chain mail
 y - a +0 chain mail
 z - a +0 helmet (worn)
Jewellery
 e - the ring "Kisuqu" (right hand) {Fly rElec rF+++ Int+3}
   (You acquired it on level 2 of the Dungeon)

   [ring of flight]

   Int+3:     It affects your intelligence (+3).
   rF+++:     It renders you almost immune to fire.
   rElec:     It insulates you from electricity.
   Fly:       It grants you flight.
 l - a ring of resist corrosion (left hand)
 w - an amulet of faith (around neck)
Wands
 r - a wand of polymorph (7)
 v - a wand of flame (24)
Scrolls
 g - a scroll of amnesia {unknown}
 p - a scroll of revelation
 s - a scroll of teleportation
 B - 2 scrolls of enchant weapon {unknown}
 C - a scroll of blinking {unknown}
 I - a scroll of fear {unknown}
 J - a scroll of immolation {unknown}
Potions
 c - 2 potions of ambrosia
 j - 2 potions of haste {unknown}
 m - 2 potions of attraction {unknown}
 t - a potion of curing
 A - 3 potions of might {unknown}
 D - a potion of cancellation {unknown}
 H - a potion of lignification {unknown}


   Skills:
 - Level 10.0 Fighting
 - Level 4.0 Axes
 - Level 2.4 Dodging
 * Level 7.9 Invocations


You had 7 spell levels left.
You didn't know any spells.
Your spell library contained the following spells:

 Spells                   Type           Power      Damage    Failure   Level
 Ensorcelled Hibernation  Hex/Ice        0%         N/A       100%        2
 Passwall                 Tmut/Erth      0%         N/A       100%        2
 Wereblood                Tmut           0%         N/A       100%        2
 Swiftness                Air            0%         N/A       100%        3
 Irradiate                Conj/Tmut      0%         3d11      100%        5


Dungeon Overview and Level Annotations

Branches:
Dungeon (6/15)             Temple (1/1) D:4

Altars:
Cheibriados
Elyvilon
Gozag
Hepliaklqana
Qazlal
Ru
Sif Muna
Uskayaw
Vehumet
Wu Jian
Xom
Yredelemnul
The Shining One

Annotations:
D:3 3 runed translucent doors, Pokonic1's ghost, amateur OgFE


Message History

Your orc shouts, "A dead heretic will not bedevil my soul."
Your orc closely misses the hornet.
Your orc hits the hornet with a +0 club.
The hornet stings you!
You feel yourself slow down.
You feel yourself speed up.
You feel very sick.
Your orc closely misses the hornet.
The hornet barely misses you.
Your orc misses the hornet.
You can move again.
You feel better. The hornet stings you!
You are poisoned.
You feel yourself slow down.
Your orc hits the hornet from afar with a +0 trident.
Your orc closely misses the hornet.
You closely miss the hornet.
The hornet is severely wounded.
You feel yourself speed up.
You feel very sick.
The hornet stings you but does no damage.
Your orc closely misses the hornet.
The hornet stings you but does no damage.
Your orc barely misses the hornet.
Your orc hits the hornet with a +0 trident.
The hornet stings your orc!
Your orc dies!
Your orc hits the hornet but does no damage.
You hit the hornet.
The hornet is almost dead.
You feel sick. The hornet stings you.
You suddenly lose the ability to move!
Your orc misses the hornet. The hornet stings you!
* * * LOW HITPOINT WARNING * * *
You shrug off the repeated paralysis!
The hornet stings you!
* * * LOW HITPOINT WARNING * * *
You feel yourself slow down.
Your orc hits the hornet but does no damage.
You can move again.
You feel better.
You feel yourself speed up. The hornet stings you!
You die...

###.#..# ... .#
##......##.# ...
##.........# ...
.............## ..
#....#........#.##...
######...............
##.#.........).......
#........)...........
##..(.##@yo....#....#
##### #.......#....#
#...#.........
##.......# ...
#...##..# ... $... .#
..... .###..


You could see a hornet (ally target) and a friendly orc.

Vanquished Creatures
  Sigmund (D:2)
  A black bear (D:5)
  An ice beast (D:5)
  2 ogres
  A phantom (D:4)
  2 scorpions (D:5)
  A killer bee (D:4)
  An orc priest (D:5)
  2 hounds
  An iguana (D:4)
  3 orc wizards
  5 adders
  3 gnolls (D:5)
  A white imp (D:3)
  2 ufetubi (D:4)
  A worm (D:3)
  2 dart slugs
  26 orcs
  3 endoplasms
  3 giant cockroaches
  10 goblins
  6 hobgoblins
  12 jackals
  10 kobolds
  2 quokkas
  10 ball pythons
  4 bats
  4 frilled lizards
  2 rats
122 creatures vanquished.

Vanquished Creatures (collateral kills)
  An ice beast (D:6)
  3 orcs (D:5)
  3 jackals (D:5)
7 creatures vanquished.

Vanquished Creatures (others)
  3 orcs
3 creatures vanquished.

Grand Total: 132 creatures vanquished

Notes
Turn   | Place    | Note
-------+----------+-------------------------------------------
     0 | D:1      | avis the Hill Orc Monk began the quest for the Orb.
     0 | D:1      | Reached XP level 1. HP: 19/19 MP: 1/1
    28 | D:1      | Reached skill level 4 in Fighting
    32 | D:1      | Reached XP level 2. HP: 26/27 MP: 2/2
   470 | D:1      | Reached skill level 5 in Fighting
   470 | D:1      | Reached XP level 3. HP: 36/36 MP: 3/3
   775 | D:2      | Noticed Sigmund
   777 | D:2      | Identified a scroll of acquirement
   778 | D:2      | Acquired the ring "Kisuqu" {Fly rElec rF+++ Int+3}
   789 | D:2      | Killed Sigmund
   790 | D:2      | Reached skill level 7 in Fighting
   790 | D:2      | Reached XP level 4. HP: 38/47 MP: 4/4
   790 | D:2      | Reached XP level 5. HP: 42/52 MP: 5/5
  1470 | D:3      | Found a radiant altar of Vehumet.
  1657 | D:3      | Found a runed translucent gate.
  1657 | D:3      | Found a runed translucent gate.
  1658 | D:3      | Found a runed translucent gate.
  1658 | D:3      | Noticed Pokonic1's ghost (amateur OgFE)
  1700 | D:3      | Found a faded altar of an unknown god.
  1720 | D:3      | Reached XP level 6. HP: 61/61 MP: 6/6
  1880 | D:3      | Found a snail-covered altar of Cheibriados.
  2133 | D:3      | Reached skill level 8 in Fighting
  3067 | D:4      | Became a worshipper of Beogh the Brigand
  3067 | D:4      | Reached * piety under Beogh
  3067 | D:4      | Reached ** piety under Beogh
  3245 | D:4      | Found a staircase to the Ecumenical Temple.
  3260 | Temple   | Entered the Ecumenical Temple
  3364 | D:5      | Entered Level 5 of the Dungeon
  3374 | D:5      | Noticed a black bear
  3491 | D:4      | Reached skill level 9 in Fighting
  3588 | D:5      | Killed a black bear
  3589 | D:5      | Reached XP level 7. HP: 54/70 MP: 7/7
  3901 | D:4      | Noticed a steam dragon
  3903 | D:4      | a steam dragon changed into a killer bee
  4142 | D:4      | Reached skill level 10 in Fighting
  4643 | D:5      | Reached skill level 5 in Invocations
  4643 | D:5      | Reached XP level 8. HP: 63/79 MP: 10/12
  5053 | D:5      | Found an ornate altar of the Wu Jian Council.
  5100 | D:5      | Reached *** piety under Beogh
  5693 | D:6      | Noticed a hornet
  5697 | D:6      | Paralysed by a hornet for 3 turns
  5701 | D:6      | Paralysed by a hornet for 1 turns
  5701 | D:6      | HP: 3/79 [hornet (12)]
  5702 | D:6      | Slain by a hornet

Illustrated notes

Levels and vault maps discovered:
D:1:      minmay_arrival_cross, layout_basic
D:2:      layout_loops_cross, roderic_filled_cross, uniq_sigmund
D:3:      layout_basic, vehumet_altar_wand_db, mainiacjoe_overflow_alcove_2,
          gammafunk_ghost_split, nicolae_ecumenical_snake_handling,
          minmay_between
D:4:      layout_loops_ring, temple_green, kennysheep_cross_room,
          minmay_statues_item, hangedman_decor_diamond_cutter, roderic_lattice_a
D:5:      layout_loops_cross, mainiacjoe_overflow_24_doors,
          serial_bayou_crossing
D:6:      layout_cave_pools, grunt_temple_overflow_growth_and_decay,
          trog_butcher_becter, nrook_mini_backslash
Temple:   dpeg_chambers_temple

Skill      XL: |  1  2  3  4  5  6  7  8 |
---------------+-------------------------+-----
Fighting       | 4 5 7 9 10 | 10.0
Invocations    | 5 7 |  7.9
Axes           | |  4.0
Dodging        | |  2.4

Action                     |  1- 3 |  4- 6 |  7- 9 || total
---------------------------+-------+-------+-------++-------
  Melee: Hand axe          |    41 |   117 |    17 ||   175
         Short sword       |    21 |       |       ||    21
         War axe           |       |    11 |    67 ||    78
         Punch             |       |       |     2 ||     2
   Fire: Sling             |       |    76 |    14 ||    90
         Arbalest          |       |       |    21 ||    21
  Throw: Stone             |     8 |    16 |       ||    24
 Invoke: Convert to Beogh  |       |     1 |       ||     1
  Evoke: Wand              |       |       |     2 ||     2
    Use: Scroll            |     3 |     5 |       ||     8
         Potion            |       |       |     3 ||     3
   Stab: Distracted        |       |       |     1 ||     1
 Armour: Robe              |    13 |       |       ||    13
         Ring mail         |    16 |    31 |       ||    47
         Plate armour      |       |   165 |    38 ||   203
         Chain mail        |       |       |    72 ||    72
  Dodge: Dodged            |    37 |    74 |    36 ||   147

Table legend: (Time is in decaauts)
 A = Elapsed time spent in this place.
 B = Non-inter-level travel time spent in this place.
 C = Inter-level travel time spent in this place.
 D = Time resting spent in this place.
 E = Time spent auto-exploring this place.
 F = Levels seen in this place.
 G = Mean time per level.
                   A        B        C        D        E       F      G
               +--------+--------+--------+--------+--------+-----+--------+
         Total |   5812 |   5182 |    630 |    741 |   3040 |   7 |  830.3 |
       Dungeon |   5795 |   5165 |    630 |    741 |   3040 |   6 |  965.8 |
        Temple |     16 |     16 |      0 |      0 |      0 |   1 |   16.0 |
               +--------+--------+--------+--------+--------+-----+--------+

Top non-repeatable levels by time:
     D:4: 1668 daAuts
     D:3: 1303 daAuts
     D:5: 1217 daAuts
     D:2: 839 daAuts
     D:1: 727 daAuts
     D:6: 39 daAuts
  Temple: 16 daAuts
